EL
CHATTANOOGA LOOKOUTS @ PORTLAND SEA DOGS
08/21/2048
 
TOP OF THE 1ST
Chattanooga Lookouts batting - Pitching for Portland Sea Dogs : RHP John LaMotte
Pitching: RHP John LaMotte
Batting: SHB Matt Urbani 0-0: Ball
1-0: Foul Ball, location: 2F
1-1: Ball
2-1: TRIPLE (Flyball, 9D, EV 101.9 MPH)
Batting: LHB Marshall Daul 0-0: Foul Ball, location: 2F
0-1: Called Strike
0-2: Ball
1-2: Strikes out looking
Batting: LHB Jon Ventura 0-0: Called Strike
0-1: Foul Ball, location: 2F
0-2: Ball
1-2: Ball
2-2: Ball
3-2: Ground out 4-3 (Groundball, 4, EV 90.6 MPH)
Matt Urbani scores
Batting: RHB Leo Gonzalez 0-0: Ball
1-0: DOUBLE (Flyball, 89D, EV 96.2 MPH)
Batting: RHB Michael McDonald 0-0: Called Strike
0-1: Ball
1-1: Foul Ball, location: 2F
1-2: Ball
2-2: Fly out, F8 (Line Drive, 8LM, EV 87.5 MPH)
Top of the 1st over - 1 run, 2 hits, 0 errors, 1 left on base; Chattanooga 1 - Portland 0
BOTTOM OF THE 1ST
Portland Sea Dogs batting - Pitching for Chattanooga Lookouts : LHP Kazuo Nishihara
Pitching: LHP Kazuo Nishihara
Batting: RHB Mike Batko 0-0: Swinging Strike
0-1: Ball
1-1: Called Strike
1-2: SOLO HOME RUN (Flyball, 7LD, EV 95.0 MPH), Distance : 359 ft
Batting: RHB Larry Brocato 0-0: Ball
1-0: Ball
2-0: Called Strike
2-1: Foul Ball, location: 2F
2-2: Foul Ball, location: 2F
2-2: Strikes out looking
Batting: RHB Ernie Genier 0-0: Ball
1-0: Ball
2-0: Called Strike
2-1: DOUBLE (Line Drive, 89M, EV 107.5 MPH)
Batting: RHB Zi-jing Wang 0-0: Called Strike
0-1: Fly out, F9 (Flyball, 9LS, EV 86.9 MPH)
Batting: RHB Alex Melendez 0-0: Called Strike
0-1: Fly out, F8 (Flyball, 8RXD, EV 106.2 MPH)
Bottom of the 1st over - 1 run, 2 hits, 0 errors, 1 left on base; Chattanooga 1 - Portland 1
TOP OF THE 2ND
Chattanooga Lookouts batting - Pitching for Portland Sea Dogs : RHP John LaMotte
Batting: LHB David Campbell 0-0: Ball
1-0: Foul Ball, location: 2F
1-1: Foul Ball, location: 2F
1-2: Strikes out swinging
Batting: RHB Nick Phipps 0-0: Called Strike
0-1: Ball
1-1: Ball
2-1: Swinging Strike
2-2: Ball
3-2: Strikes out looking
Batting: RHB John Dew 0-0: Called Strike
0-1: Ball
1-1: Swinging Strike
1-2: Strikes out swinging
Top of the 2nd over - 0 runs, 0 hits, 0 errors, 0 left on base; Chattanooga 1 - Portland 1
BOTTOM OF THE 2ND
Portland Sea Dogs batting - Pitching for Chattanooga Lookouts : LHP Kazuo Nishihara
Batting: RHB Mike Cavagnaro 0-0: Ball
1-0: Ball
2-0: Ground out 4-3 (Groundball, 4, EV 86.9 MPH)
Batting: RHB Frank Sokolosky 0-0: Called Strike
0-1: Ball
1-1: Called Strike
1-2: Strikes out swinging
Batting: LHB Dave Reyes 0-0: Swinging Strike
0-1: Ball
1-1: Ball
2-1: Foul Ball, location: 2F
2-2: Foul Ball, location: 2F
2-2: Strikes out swinging
Bottom of the 2nd over - 0 runs, 0 hits, 0 errors, 0 left on base; Chattanooga 1 - Portland 1
TOP OF THE 3RD
Chattanooga Lookouts batting - Pitching for Portland Sea Dogs : RHP John LaMotte
Batting: RHB Graham Calvert 0-0: Ball
1-0: Called Strike
1-1: Called Strike
1-2: Strikes out swinging
Batting: SHB Matt Urbani 0-0: Ball
1-0: Ball
2-0: Called Strike
2-1: Ground out 6-3 (Groundball, 4MD, EV 88.1 MPH)
Batting: LHB Marshall Daul 0-0: Ball
1-0: Swinging Strike
1-1: Called Strike
1-2: Ball
2-2: Strikes out swinging
Top of the 3rd over - 0 runs, 0 hits, 0 errors, 0 left on base; Chattanooga 1 - Portland 1
BOTTOM OF THE 3RD
Portland Sea Dogs batting - Pitching for Chattanooga Lookouts : LHP Kazuo Nishihara
Batting: SHB Gus Cruz 0-0: Ball
1-0: Swinging Strike
1-1: Ground out 6-3 (Groundball, 6S, EV 86.9 MPH)
Batting: RHB Mike Batko 0-0: SOLO HOME RUN (Flyball, 7D, EV 103.8 MPH), Distance : 400 ft
Batting: RHB Larry Brocato 0-0: Ball
1-0: Foul Ball, location: 2F
1-1: Ball
2-1: Foul Ball, location: 2F
2-2: Foul Ball, location: 2F
2-2: Ground out U3 (Groundball, 34, EV 86.9 MPH)
Batting: RHB Ernie Genier 0-0: Swinging Strike
0-1: Called Strike
0-2: Foul Ball, location: 2F
0-2: Ball
1-2: Strikes out swinging
Bottom of the 3rd over - 1 run, 1 hit, 0 errors, 0 left on base; Chattanooga 1 - Portland 2
TOP OF THE 4TH
Chattanooga Lookouts batting - Pitching for Portland Sea Dogs : RHP John LaMotte
Batting: LHB Jon Ventura 0-0: Ball
1-0: Foul Ball, location: 2F
1-1: Ground out 4-3 (Groundball, 4, EV 86.2 MPH)
Batting: RHB Leo Gonzalez 0-0: Foul Ball, location: 2F
0-1: Ball
1-1: Ball
2-1: Foul Ball, location: 2F
2-2: Foul Ball, location: 2F
2-2: Strikes out swinging
Batting: RHB Michael McDonald 0-0: Foul Ball, location: 2F
0-1: Ball
1-1: Swinging Strike
1-2: Ball
2-2: SINGLE (Line Drive, 78S, EV 88.8 MPH)
Batting: LHB David Campbell 0-0: Called Strike
0-1: Ground out U3 (Groundball, 3, EV 88.8 MPH)
Top of the 4th over - 0 runs, 1 hit, 0 errors, 1 left on base; Chattanooga 1 - Portland 2
BOTTOM OF THE 4TH
Portland Sea Dogs batting - Pitching for Chattanooga Lookouts : LHP Kazuo Nishihara
Batting: RHB Zi-jing Wang 0-0: Ball
1-0: Swinging Strike
1-1: Foul Ball, location: 2F
1-2: Ball
2-2: Ball
3-2: Foul Ball, location: 2F
3-2: Strikes out swinging
Batting: RHB Alex Melendez 0-0: Ball
1-0: Swinging Strike
1-1: Ball
2-1: Ball
3-1: Swinging Strike
3-2: Strikes out looking
Batting: RHB Mike Cavagnaro 0-0: Ball
1-0: Foul Ball, location: 2F
1-1: Foul Ball, location: 2F
1-2: Foul Ball, location: 2F
1-2: Ground out 4-3 (Groundball, 4, EV 91.9 MPH)
Bottom of the 4th over - 0 runs, 0 hits, 0 errors, 0 left on base; Chattanooga 1 - Portland 2
TOP OF THE 5TH
Chattanooga Lookouts batting - Pitching for Portland Sea Dogs : RHP John LaMotte
Batting: RHB Nick Phipps 0-0: Bunt for hit to 13S - play at first, batter OUT! 1-3
Batting: RHB John Dew 0-0: Ball
1-0: Foul Ball, location: 2F
1-1: Ball
2-1: Ground out 5-3 (Groundball, 5, EV 81.9 MPH)
Batting: RHB Graham Calvert 0-0: Ball
1-0: Swinging Strike
1-1: DOUBLE (Flyball, 78D, EV 107.5 MPH)
Batting: SHB Matt Urbani 0-0: Ball
1-0: Foul Ball, location: 2F
1-1: Ball
2-1: Swinging Strike
2-2: Strikes out looking
Top of the 5th over - 0 runs, 1 hit, 0 errors, 1 left on base; Chattanooga 1 - Portland 2
BOTTOM OF THE 5TH
Portland Sea Dogs batting - Pitching for Chattanooga Lookouts : LHP Kazuo Nishihara
Batting: RHB Frank Sokolosky 0-0: Foul Ball, location: 2F
0-1: Foul Ball, location: 2F
0-2: TRIPLE (Line Drive, 89XD, EV 104.4 MPH)
Batting: LHB Dave Reyes 0-0: Ball
1-0: Ball
2-0: Ball
3-0: Called Strike
3-1: Ground out 4-3 (Groundball, 4, EV 97.5 MPH)
Frank Sokolosky scores
Batting: SHB Gus Cruz 0-0: Called Strike
0-1: Ball
1-1: Ground out 4-3 (Groundball, 34, EV 97.5 MPH)
Batting: RHB Mike Batko 0-0: Called Strike
0-1: Ground out 4-3 (Groundball, 4, EV 99.4 MPH)
Bottom of the 5th over - 1 run, 1 hit, 0 errors, 0 left on base; Chattanooga 1 - Portland 3
TOP OF THE 6TH
Chattanooga Lookouts batting - Pitching for Portland Sea Dogs : RHP John LaMotte
Batting: LHB Marshall Daul 0-0: Ground out U3 (Groundball, 3, EV 90.6 MPH)
Batting: LHB Jon Ventura 0-0: Ball
1-0: Ball
2-0: Ball
3-0: Called Strike
3-1: Base on Balls
Batting: RHB Leo Gonzalez 0-0: Called Strike
0-1: Ball
1-1: Called Strike
1-2: Foul Ball, location: 2F
1-2: 2-RUN HOME RUN (Flyball, 78XD, EV 99.4 MPH), Distance : 417 ft
Batting: RHB Michael McDonald 0-0: Called Strike
0-1: Foul Ball, location: 2F
0-2: Ball
1-2: Ball
2-2: Strikes out swinging
Batting: LHB David Campbell 0-0: Ball
1-0: Called Strike
1-1: Ball
2-1: Ground out 6-3 (Groundball, 4, EV 86.2 MPH)
Top of the 6th over - 2 runs, 1 hit, 0 errors, 0 left on base; Chattanooga 3 - Portland 3
BOTTOM OF THE 6TH
Portland Sea Dogs batting - Pitching for Chattanooga Lookouts : LHP Kazuo Nishihara
Batting: RHB Larry Brocato 0-0: Ball
1-0: Fly out, F9 (Flyball, 9, EV 87.5 MPH)
Batting: RHB Ernie Genier 0-0: Ball
1-0: Ball
2-0: Ground out 3-1 (Groundball, 34, EV 86.2 MPH)
Batting: RHB Zi-jing Wang 0-0: Called Strike
0-1: Foul Ball, location: 2F
0-2: Foul Ball, location: 2F
0-2: Fly out, F9 (Flyball, 9LD, EV 91.9 MPH)
Bottom of the 6th over - 0 runs, 0 hits, 0 errors, 0 left on base; Chattanooga 3 - Portland 3
TOP OF THE 7TH
Chattanooga Lookouts batting - Pitching for Portland Sea Dogs : RHP John LaMotte
Batting: RHB Nick Phipps 0-0: Called Strike
0-1: Ball
1-1: Foul Ball, location: 2F
1-2: Ball
2-2: Ball
3-2: Foul Ball, location: 2F
3-2: Fly out, F7 (Flyball, 7D, EV 88.8 MPH)
Pitching: LHP David Schultz
Batting: RHB John Dew 0-0: Called Strike
0-1: Ball
1-1: Fly out, F9 (Flyball, 9D, EV 105.6 MPH)
Batting: RHB Graham Calvert 0-0: Fly out, F8 (Flyball, 78XD, EV 91.2 MPH)
Top of the 7th over - 0 runs, 0 hits, 0 errors, 0 left on base; Chattanooga 3 - Portland 3
BOTTOM OF THE 7TH
Portland Sea Dogs batting - Pitching for Chattanooga Lookouts : LHP Kazuo Nishihara
Batting: RHB Alex Melendez 0-0: Called Strike
0-1: Ball
1-1: SOLO HOME RUN (Flyball, 89XD, EV 101.9 MPH), Distance : 391 ft
Batting: RHB Mike Cavagnaro 0-0: Ball
1-0: DOUBLE (Line Drive, 8LD, EV 109.4 MPH)
Batting: RHB Frank Sokolosky 0-0: Intentional Walk
Batting: LHB Dave Reyes 0-0: Bunt missed!
0-1: Ball
1-1: Ball
2-1: Ball
3-1: Bunted foul
3-2: Ground out 5-3 (Groundball, 5, EV 86.2 MPH)
Mike Cavagnaro to third
Frank Sokolosky to second
Batting: SHB Gus Cruz 0-0: Swinging Strike
0-1: SINGLE (Groundball, 6, EV 102.5 MPH) (infield hit)
Mike Cavagnaro scores
Frank Sokolosky to third
Pitching: RHP Tom Aagaard
Batting: RHB Mike Batko 0-0: Ball
1-0: Foul Ball, location: 2F
1-1: Ball
2-1: Ball
3-1: Base on Balls
Gus Cruz to second
Batting: RHB Larry Brocato 0-0: Ball
1-0: Swinging Strike
1-1: Called Strike
1-2: Ball
2-2: SINGLE (Groundball, 6, EV 93.8 MPH) (infield hit)
Frank Sokolosky scores
Gus Cruz to third
Mike Batko to second
Batting: RHB Ernie Genier 0-0: Ball
1-0: Swinging Strike
1-1: Ball
2-1: SINGLE (Groundball, 6, EV 106.2 MPH) (infield hit)
Gus Cruz scores
Mike Batko to third
Larry Brocato to second
Batting: RHB Zi-jing Wang 0-0: Ball
1-0: Ball
2-0: Swinging Strike
2-1: Called Strike
2-2: Reached on error, E6 (Groundball, 6, EV 101.9 MPH)
Mike Batko scores
Larry Brocato to third
Ernie Genier to second
Batting: RHB Alex Melendez 0-0: Ball
1-0: SINGLE (Groundball, 56D, EV 108.1 MPH)
Larry Brocato scores
Ernie Genier to third
Zi-jing Wang to second
Batting: RHB Mike Cavagnaro 0-0: Ball
1-0: Grounds into fielders choice U2 (Groundball, 2R, EV 64.4 MPH)
Zi-jing Wang to third
Alex Melendez to second
Batting: RHB Frank Sokolosky 0-0: Ball
1-0: Called Strike
1-1: Fielders Choice at 2nd, 6-4 (Groundball, 6, EV 81.9 MPH)
Bottom of the 7th over - 6 runs, 6 hits, 1 error, 3 left on base; Chattanooga 3 - Portland 9
TOP OF THE 8TH
Chattanooga Lookouts batting - Pitching for Portland Sea Dogs : LHP David Schultz
Batting: SHB Matt Urbani 0-0: Called Strike
0-1: Ball
1-1: SINGLE (Flyball, 6MD, EV 88.1 MPH)
Batting: LHB Marshall Daul 0-0: Called Strike
0-1: Ball
1-1: Swinging Strike
1-2: Foul Ball, location: 2F
1-2: Foul Ball, location: 2F
1-2: Strikes out swinging
Batting: LHB Jon Ventura 0-0: Foul Ball, location: 2F
0-1: SINGLE (Line Drive, 6M, EV 96.2 MPH)
Matt Urbani to second
Batting: RHB Leo Gonzalez 0-0: Called Strike
0-1: Fly out, F9 (Flyball, 9LD, EV 93.8 MPH)
Runner from 2nd tags up, SAFE at 3rd, no throw by RF
Batting: RHB Michael McDonald 0-0: Called Strike
0-1: Ground out 1-3 (Groundball, 13S, EV 70.0 MPH)
Top of the 8th over - 0 runs, 2 hits, 0 errors, 2 left on base; Chattanooga 3 - Portland 9
BOTTOM OF THE 8TH
Portland Sea Dogs batting - Pitching for Chattanooga Lookouts : RHP Tom Aagaard
Batting: LHB Dave Reyes 0-0: Called Strike
0-1: Ball
1-1: Ball
2-1: Ball
3-1: Base on Balls
Pitching: LHP Bobby Molina
Batting: SHB Gus Cruz 0-0: Fielders Choice at 2nd, 4-6 (Groundball, 34, EV 83.8 MPH)
Batting: RHB Mike Batko 0-0: Ball
1-0: Ball
2-0: Called Strike
2-1: Ball
3-1: Base on Balls
Gus Cruz to second
Batting: RHB Larry Brocato 0-0: Ball
1-0: Called Strike
1-1: Ball
2-1: Fly out, F7 (Flyball, 7D, EV 97.5 MPH)
Runner from 2nd tags up, SAFE at 3rd with throw by LF
Batting: RHB Ernie Genier 0-0: Ball
1-0: Ball
2-0: Ball
3-0: Called Strike
3-1: Foul Ball, location: 2F
3-2: Foul Ball, location: 2F
3-2: Base on Balls
Mike Batko to second
Batting: RHB Zi-jing Wang 0-0: SINGLE (Groundball, 56D, EV 101.2 MPH)
Gus Cruz scores
Mike Batko to third
Ernie Genier to second
Runner from 3rd tries for Home, SAFE, throw by LF to home
Pinch Hitting: RHB Pat Bulger 0-0: Ball
1-0: Ball
2-0: Ball
3-0: Called Strike
3-1: Ground out 6-3 (Groundball, 6M, EV 81.9 MPH)
Bottom of the 8th over - 2 runs, 1 hit, 0 errors, 2 left on base; Chattanooga 3 - Portland 11
TOP OF THE 9TH
Chattanooga Lookouts batting - Pitching for Portland Sea Dogs : LHP David Schultz
Now at C: Pat Bulger
Batting: LHB David Campbell 0-0: Ball
1-0: Ball
2-0: Ball
3-0: Base on Balls
Batting: RHB Nick Phipps 0-0: Ball
1-0: Swinging Strike
1-1: Foul Ball, location: 2F
1-2: Foul Ball, location: 2F
1-2: Ball
2-2: SINGLE (Groundball, 56, EV 106.2 MPH)
David Campbell to second
Batting: RHB John Dew 0-0: Called Strike
0-1: Ball
1-1: Swinging Strike
1-2: Ball
2-2: Ball
3-2: Strikes out swinging
Pitching: LHP Kevin Turner
Batting: RHB Graham Calvert 0-0: Ball
1-0: Called Strike
1-1: Ball
2-1: Ball
3-1: Called Strike
3-2: Foul Ball, location: 2F
3-2: Foul Ball, location: 2F
3-2: Strikes out looking
Batting: SHB Matt Urbani 0-0: Foul Ball, location: 2F
0-1: Hit by Pitch
David Campbell to third
Nick Phipps to second
Batting: LHB Marshall Daul 0-0: Ball
1-0: Called Strike
1-1: Called Strike
1-2: Ball
2-2: Foul Ball, location: 2F
2-2: Ground out 1-3 (Groundball, 15S, EV 66.9 MPH)
Top of the 9th over - 0 runs, 1 hit, 0 errors, 3 left on base; Chattanooga 3 - Portland 11
Tuesday, March 28th , 2023 - OOTP Baseball 23.10 Build 110